 Dungeon Crawl Stone Soup version 0.14.1-24-gbdbe590 (webtiles) character file.

271 Kassandra the Changer (level 5, -1/34 (37) HPs)
             Began as a Merfolk Transmuter on June 15, 2014.
             Was a Follower of Makhleb.
             Slain by a goblin
             ... wielding a cursed -2,-2 dagger
              (4 damage)
             ... on Level 3 of the Dungeon.
             The game lasted 00:13:28 (2707 turns).

Kassandra the Changer (Merfolk Transmuter)          Turns: 2707, Time: 00:13:28

HP  -1/34 (37)   AC  2     Str  7 (11) XL: 5   Next:  6%
MP   9/9         EV 13     Int 13      God: Makhleb [*.....]
Gold 149         SH  0     Dex 14      Spells:  2 memorised,  4 levels left

rFire  + . .     SeeInvis .       - Unarmed
rCold  + . .     Clarity  .     c - +0 robe
rNeg   . . .     Conserve .     (no shield)
rPois  +         rCorr    .     (no helmet)
rElec  +         rRot     .     (no cloak)
SustAb . .       Spirit   .     (no gloves)
rMut   .         Warding  .     (no boots)
Saprov . . .     Stasis   .     g - amulet of faith
MR     .....                    (no ring)
                                u - ring of poison resistance

@: not resistant to hostile enchantments, unstealthy
A: change form in water, swift swim
a: Renounce Religion


You were on level 3 of the Dungeon.
You worshipped Makhleb.
Makhleb was aware of your devotion.
You were not hungry.

You visited 1 branch of the dungeon, and saw 4 of its levels.

You collected 149 gold pieces.

Inventory:

Missiles
 b - 12 arrows
Armour
 c - a +0 robe (worn)
Comestibles
 a - 3 bread rations
 f - an apple
 i - 2 meat rations
 m - 11 strawberries
 p - a rotting chunk of bat flesh
Scrolls
 l - 2 scrolls of identify
 q - a scroll of random uselessness
 s - 2 scrolls of remove curse
 t - a scroll of immolation
Jewellery
 g - an amulet of faith (around neck)
 u - a ring of poison resistance (left hand)
Potions
 e - a potion of decay
Books
 d - a book of Changes

   Spells                             Type                      Level
   *Beastly Appendage                 Transmutation                1
   Sticks to Snakes                   Transmutation                2
   *Spider Form                       Transmutation/Poison         3
   Ice Form                           Ice/Transmutation            4
   Blade Hands                        Transmutation                5
 r - a book of Debilitation

   Spells                             Type                      Level
   Corona                             Hexes                        1
   Slow                               Hexes                        2
   Inner Flame                        Hexes/Fire                   3
   Enslavement                        Hexes                        4
   Cause Fear                         Hexes                        4
   Leda's Liquefaction                Hexes/Earth                  4


   Skills:
 - Level 1.1 Fighting
 - Level 2.6 Dodging
 - Level 3.2 Unarmed Combat
 - Level 2.0 Spellcasting
 + Level 6.6 Transmutations
 + Level 0.4 Poison Magic


You had 4 spell levels left.
You knew the following spells:

 Your Spells              Type           Power        Failure   Level  Hunger
a - Beastly Appendage     Trmt           ###...       1%          1    ##.....
b - Spider Form           Trmt/Pois      ##........   17%         3    ####...


Dungeon Overview and Level Annotations

Branches:
Dungeon (4/15)
 Temple: D:4-7

Altars:
Makhleb


Message History

The goblin closely misses you.
Read which item? (? for menu, Esc to quit)
As you read the scroll labeled QUZ USCHUCLUAPA, it crumbles to dust.
The creatures around you are filled with an inner flame!
It was a scroll of immolation.
The goblin completely misses you. The scorpion barely misses you.
Read which item? (? for menu, Esc to quit)
Okay, then.
You feel sick. The goblin barely misses you. The goblin misses you.
Your magical contamination has completely faded away.
You feel sick.
Your transformation is almost over.
You feel sick.
You feel sick.
You are no longer poisoned.
Your horns disappear.
There is a stone staircase leading up here.
The goblin hits you with a dagger.
You die...

.######...###...###.........#....
.#######.## ##..#########.###....
....#.....###....................
........#.....#...#######.######.
....#..###...###....## #.........
..###...#..#..#......# #.........
.....................###........#
..###.....##.....................
....#.....##..#.@.#.####...#.####
....#....>##..#sg.#...##.........
.............................####
....#.....##..#...#...###.####
..####.###......<.#...# #.#
..####.###........#...# #.#
..................#...###.#######
.......#####.##...#..............
.......# #.......#######.#######


You could see a scorpion (inner flame) and a goblin (inner flame).

Vanquished Creatures
  An orc priest (D:4)
  Jessica (D:2)
  An adder (D:3)
  A giant mite (D:1)
  An ooze (D:3)
  2 orcs (D:4)
  2 giant cockroaches
  5 goblins
  9 hobgoblins
  8 bats
  2 giant geckos (D:1)
  4 giant newts
  7 jackals
  6 kobolds
  6 rats
56 creatures vanquished.

Notes
Turn   | Place    | Note
--------------------------------------------------------------
     0 | D:1      | Kassandra, the Merfolk Transmuter, began the quest for the Orb.
     0 | D:1      | Reached XP level 1. HP: 15/15 MP: 3/3
   165 | D:1      | Reached XP level 2. HP: 21/21 MP: 2/4
   371 | D:1      | Reached skill level 4 in Transmutations
   720 | D:1      | Reached XP level 3. HP: 22/26 MP: 6/6
  1283 | D:2      | Learned a level 3 spell: Spider Form
  1303 | D:2      | Reached skill level 5 in Transmutations
  1327 | D:2      | Found a burning altar of Makhleb.
  1354 | D:2      | Became a worshipper of Makhleb the Destroyer
  1385 | D:2      | Noticed Jessica
  1398 | D:2      | Killed Jessica
  1398 | D:2      | Reached XP level 4. HP: 29/32 MP: 3/7
  2093 | D:3      | Acquired Makhleb's first power
  2577 | D:3      | Reached skill level 6 in Transmutations
  2630 | D:4      | Reached XP level 5. HP: 34/37 MP: 5/9
  2707 | D:3      | Slain by a goblin

Action                   |  1- 3 |  4- 6 || total
-------------------------+-------+-------++-------
Melee: Unarmed           |   101 |    86 ||   187
 Cast: Beastly Appendage |     8 |     6 ||    14
       Spider Form       |     1 |     1 ||     2
  Use: Scroll            |     1 |     8 ||     9
       Potion            |       |     5 ||     5
